 Dungeon Crawl Stone Soup version 0.29-a0-284-gf9362112df (webtiles) character file.

Game seed: 16240997313338542160

122 siradein the Caller (level 5, 0/30 HPs)
             Began as a Tengu Summoner on Mar 31, 2022.
             Succumbed to an adder's poison
             ... in a sewer.
             The game lasted 00:05:56 (3020 turns).

siradein the Caller (Tengu Summoner)                Turns: 3020, Time: 00:05:57

Health: 0/30       AC:  3    Str:  9    XL:     5   Next: 6%
Magic:  8/10       EV: 15    Int: 17    God:
Gold:   143        SH:  0    Dex: 16    Spells: 3/9 levels left

rFire   . . .      SeeInvis .   p - +0 glaive
rCold   . . .      Faith    .   (shield currently unavailable)
rNeg    . . .      Spirit   .   f - +0 leather armour
rPois   .          Reflect  .   (helmet restricted)
rElec   .          Harm     .   (no cloak)
rCorr   .          Rampage  .   (no gloves)
Will    .....                   (boots unavailable)
Stlth   ++........              (no amulet)
HPRegen 0.10/turn               (no ring)
MPRegen 0.12/turn               (no ring)

@: lethally poisoned (0 -> -8), attractive, flying quickly and evasively, quick
A: beak, talons 3, nimble flight, agile 1, inability to read while threatened,
MP-powered wands
a: no special abilities


You were in a sewer.
You visited 1 branch of the dungeon, and saw 3 of its levels.
You also visited: Sewer.

You collected 143 gold pieces.

Inventory:

Hand Weapons
 p - a +0 glaive (weapon)
Armour
 f - a +0 leather armour (worn)
Jewellery
 d - a ring of fire
Scrolls
 a - a scroll of amnesia {unknown}
 e - a scroll of teleportation {unknown}
 h - a scroll of silence {unknown}
 i - a scroll of identify {unknown}
 j - a scroll of immolation {unknown}
Potions
 b - 2 potions of magic
 c - a potion of mutation
 g - a potion of attraction
 k - a potion of curing {unknown}
 l - a potion of berserk rage {unknown}
 m - a potion of cancellation {unknown}
 n - a potion of heal wounds {unknown}
 o - a potion of degeneration {unknown}
 q - a potion of lignification {unknown}


   Skills:
 + Level 2.0 Fighting
 + Level 0.5 Polearms
 + Level 3.3 Dodging
 - Level 2.0 Stealth
 + Level 2.8 Spellcasting
 + Level 5.5 Summonings


You had 3 spell levels left.
You knew the following spells:

 Your Spells              Type           Power      Damage    Failure   Level
a - Call Imp              Summ           21%        N/A       3%          2
b - Summon Small Mammal   Summ           84%        N/A       2%          1
c - Call Canine Familiar  Summ           21%        N/A       8%          3

Your spell library contained the following spells:

 Spells                   Type           Power      Damage    Failure   Level
 Summon Guardian Golem    Hex/Summ       11%        N/A       24%         3
 Summon Lightning Spire   Summ/Air       11%        N/A       63%         4


Dungeon Overview and Level Annotations

Branches:
Dungeon (3/15)              Sewer (1/1)

Altars:

Shops:
D:1 *

Annotations:
D:2 1 runed translucent door, Crazy Yiuf


Innate Abilities, Weirdness & Mutations

You have a beak for a mouth.
You have claws for feet.
Your magical nature lets you fly swiftly and evasively.
You are agile. (Dex +2)
You sometimes lose the ability to read scrolls when taking damage.
You expend magic power (3 MP) to strengthen your wands.


Message History

The adder poisons you!
You closely miss the frilled lizard.
You feel sick. The adder barely misses you.
Your crimson imp barely misses the adder.
The frilled lizard barely misses you. The adder bites you.
You are more poisoned.
The adder poisons you!
You barely miss the adder. You claw the adder.
The adder is lightly wounded.
You feel very sick. The adder closely misses you.
Your crimson imp misses the adder.
The frilled lizard bites you. The adder bites you.
You are lethally poisoned!
The adder poisons you!
Your crimson imp misses the adder.
The frilled lizard barely misses you.
You slash the adder! Your peck misses the adder.
The adder is almost dead.
You feel very sick. The adder completely misses you.
Your crimson imp barely misses the adder.
The frilled lizard barely misses you. The adder bites you.
* * * LOW HITPOINT WARNING * * *
Your crimson imp barely misses the adder.
The frilled lizard bites you.
* * * LOW HITPOINT WARNING * * *
The adder closely misses you.
It was a potion of mutation.
You feel extremely strange.
You feel agile.
You feel your magical essence link to the dungeon's wands.
You lose the ability to read scrolls when threatened.
* * * LOW HITPOINT WARNING * * *
You feel sick. The adder closely misses you.
Your crimson imp hits the adder.
The adder dies!
The frilled lizard closely misses you.
Your Fighting skill increases to level 2!
You have reached level 5!
Your magical nature develops, letting you fly swiftly and evasively.
It was a potion of attraction.
You feel attractive to monsters.
You die...

≈# #≈# #≈# #≈# #≈# #≈#
##############≈#########
..≈≈...≈...≈≈.5†≈≈≈..≈≈.
≈..≈†≈.≈≈≈≈≈≈≈≈≈@l≈≈..≈≈
########################


You could see a frilled lizard and a friendly crimson imp (summoned).

Vanquished Creatures
  8 ball pythons
  8 bats
  6 endoplasms
  3 giant cockroaches
  5 goblins
  3 hobgoblins
  2 jackals (D:2)
  6 kobolds
  A quokka (D:2)
  3 frilled lizards
  6 rats
51 creatures vanquished.

Vanquished Creatures (collateral kills)
  Jessica (D:2)
  An adder (Sewer)
  A river rat (D:3)
  A dart slug (D:1)
  2 ball pythons (Sewer)
  2 endoplasms
  2 giant cockroaches
  2 goblins
  2 hobgoblins
  A frilled lizard (D:1)
  A kobold (D:1)
  2 rats
18 creatures vanquished.

Grand Total: 69 creatures vanquished

Notes
Turn   | Place    | Note
-------+----------+-------------------------------------------
     0 | D:1      | siradein the Tengu Summoner began the quest for the Orb.
     0 | D:1      | Reached XP level 1. HP: 10/10 MP: 4/4
   376 | D:1      | Reached XP level 2. HP: 16/16 MP: 4/6
   379 | D:1      | Learned a level 2 spell: Call Imp
   437 | D:1      | Reached skill level 5 in Summonings
   829 | D:1      | Found Firche Ebuon's General Store.
   863 | D:1      | Reached skill level 1 in Fighting
   882 | D:1      | Reached XP level 3. HP: 9/20 MP: 4/7
  1215 | D:1      | Found a faded altar of an unknown god.
  1404 | D:2      | Noticed Jessica
  1408 | D:2      | Killed Jessica
  1409 | D:2      | Reached XP level 4. HP: 22/25 MP: 5/8
  1452 | D:2      | Learned a level 3 spell: Call Canine Familiar
  2118 | D:2      | Found a runed translucent door.
  2119 | D:2      | Noticed Crazy Yiuf
  2910 | D:3      | Found a glowing drain.
  2940 | Sewer    | Entered a sewer
  3019 | Sewer    | Gained mutation: You are agile. (Dex +2) [potion of
                  | mutation]
  3019 | Sewer    | Gained mutation: You expend magic power (3 MP) to
                  | strengthen your wands. [potion of mutation]
  3019 | Sewer    | Gained mutation: You sometimes lose the ability to read
                  | scrolls when taking damage. [potion of mutation]
  3019 | Sewer    | HP: 1/26 [poisoned by an adder]
  3020 | Sewer    | Gained mutation: Your magical nature lets you fly swiftly
                  | and evasively. [Tengu growth]
  3020 | Sewer    | Reached XP level 5. HP: 2/30 MP: 8/10
  3020 | Sewer    | Succumbed to an adder's poison

Illustrated notes

Levels and vault maps discovered:
D:1:      tarquinn_simple_flora_water_d, layout_basic,
          hellmonk_ecumenical_altar_lost_god, serial_shops,
          nicolae_shop_window_shopping, minmay_pentomino_o4
D:2:      layout_basic, uniq_crazy_yiuf_cottage, uniq_jessica
D:3:      layout_basic, portal_sewer_entry_b, minmay_misc_feat_rugged,
          chequers_serial_rivers_room_b, kennysheep_cluttered_room
Sewer:    sewer_co_cracked_pipes

Skill      XL: |  1  2  3  4 |
---------------+-------------+-----
Summonings     | 5 |  5.5
Fighting       | 1 2 |  2.0
Dodging        | 3 |  3.3
Polearms       | |  0.5
Stealth        | |  2.0
Spellcasting   | |  2.8

Action                   |  1- 3 |  4- 6 || total
-------------------------+-------+-------++-------
Melee: Unarmed           |     9 |       ||     9
       Mace              |    38 |       ||    38
       Kick              |    11 |     8 ||    19
       Peck              |     4 |     4 ||     8
       Punch             |     3 |       ||     3
       Short sword       |     2 |    28 ||    30
       Glaive            |       |    32 ||    32
 Cast: Summon Small Mamm |     3 |       ||     3
       Call Imp          |    10 |    16 ||    26
  Use: Potion            |       |     2 ||     2
 Stab: Sleeping          |     4 |     7 ||    11
Armor: Robe              |    15 |       ||    15
       Leather armour    |    12 |    14 ||    26
Dodge: Dodged            |    42 |    50 ||    92

Table legend: (Time is in decaauts)
 A = Elapsed time spent in this place.
 B = Non-inter-level travel time spent in this place.
 C = Inter-level travel time spent in this place.
 D = Time resting spent in this place.
 E = Time spent auto-exploring this place.
 F = Levels seen in this place.
 G = Mean time per level.
                   A        B        C        D        E       F      G
               +--------+--------+--------+--------+--------+-----+--------+
         Total |   3066 |   3042 |     24 |      0 |   2314 |   4 |  766.5 |
       Dungeon |   2978 |   2954 |     24 |      0 |   2252 |   3 |  992.7 |
         Sewer |     88 |     88 |      0 |      0 |     62 |   1 |   88.0 |
               +--------+--------+--------+--------+--------+-----+--------+

Top non-repeatable levels by time:
     D:1: 1415 daAuts
     D:2: 1254 daAuts
     D:3: 307 daAuts
   Sewer: 88 daAuts
